AoeStats
← Oscar robles176

Lombardia

510242004Analyzed
4v4 RM · 2d ago on Sep 30, 2026· 81m 7s· 8 players
Game mode
Random Map
Map size
Large (8 player)
Population
200
Speed
Normal
Resources
Standard
Victory
Conquest
Starting age
Dark Age
Ending age
Imperial Age
RankedLock teamsTeams togetherTeam positionsShared explorationLock speedFull tech treeHidden civsTurbo modeCheats
Victory
Defeat
🇺🇸 Magyars · United States
879
+35
🇨🇴 Spanish · Colombia
877
+30
🇲🇽 Franks · Mexico
870
+14
🇲🇽 Slavs · Mexico
820
+16
🇨🇷 Franks · Costa Rica
903
-18
🇦🇺 Magyars · Australia
826
-14
🇨🇳 Britons · China
823
-14
🇦🇷 Portuguese · Argentina
777
-12
crescent
9:22 Loom
11:44 Feudal Age
13:30 Double-Bit Axe
13:28 Horse Collar
17:57 Castle Age
20:08 Wheelbarrow
20:43 Bow Saw
21:02 Heavy Plow
28:17 Hand Cart
33:07 Imperial Age
33:14 Caravan
33:35 Corvinian Army
34:09 Husbandry
34:19 Bloodlines
33:30 Light Cavalry
33:34 Elite Magyar Huszar
34:35 Conscription
33:38 Elite Magyar Huszar
34:54 Hoardings
34:21 Recurve Bow
37:02 Hussar
39:50 Two-Man Saw
39:35 Crop Rotation
41:23 Scale Barding Armor
41:10 Fletching
42:25 Chain Barding Armor
42:07 Padded Archer Armor
45:25 Plate Barding Armor
44:46 Bodkin Arrow
45:08 Leather Archer Armor
49:12 Chemistry
48:32 Ballistics
48:23 Masonry
48:01 Treadmill Crane
48:18 Murder Holes
48:37 Cavalier
49:35 Capped Ram
50:13 Paladin
53:32 Thumb Ring
52:47 Crossbowman
53:56 Parthian Tactics
52:52 Heavy Cavalry Archer
72:42 Bracer
73:13 Ring Archer Armor
Oscar robles176
8:43 Loom
10:53 Feudal Age
12:36 Double-Bit Axe
19:40 Castle Age
18:32 Gold Mining
20:34 Bow Saw
21:40 Gold Shaft Mining
21:11 Husbandry
25:36 Caravan
26:04 Forging
26:30 Scale Barding Armor
28:19 Iron Casting
30:20 Chain Barding Armor
30:52 Wheelbarrow
33:59 Hand Cart
39:49 Imperial Age
38:39 Stone Mining
38:39 Town Watch
39:40 Ballistics
39:18 Fletching
41:11 Plate Barding Armor
41:37 Blast Furnace
40:02 Cavalier
40:46 Chivalry
43:47 Conscription
42:50 Paladin
47:38 Light Cavalry
49:31 Chemistry
58:32 Ordonnance Companies
58:33 Elite Throwing Axeman
66:26 Bodkin Arrow
66:33 Padded Archer Armor
Neoikana
4:34 Loom
11:44 Feudal Age
12:08 Horse Collar
12:17 Double-Bit Axe
16:47 Gold Mining
17:45 Wheelbarrow
21:56 Castle Age
20:20 Forging
20:42 Man-at-Arms
21:28 Scale Mail Armor
22:48 Bow Saw
22:39 Heavy Plow
24:04 Long Swordsman
24:48 Squires
31:02 Hand Cart
34:30 Imperial Age
32:16 Town Watch
32:48 Chain Mail Armor
33:23 Detinets
35:23 Druzhina
35:11 Two-Handed Swordsman
36:10 Pikeman
37:10 Champion
39:16 Iron Casting
40:05 Sappers
40:57 Conscription
41:53 Two-Man Saw
40:29 Capped Ram
43:47 Onager
45:12 Crop Rotation
47:11 Plate Mail Armor
47:41 Blast Furnace
48:48 Siege Onager
51:17 Caravan
52:21 Ballistics
52:10 Siege Engineers
52:28 Fletching
53:44 Chemistry
52:42 Halberdier
58:45 Ballistics
62:51 Hoardings
63:19 Bodkin Arrow
67:22 Careening
Pantagora
0:32 Loom
14:19 Feudal Age
15:40 Wheelbarrow
15:32 Horse Collar
15:54 Double-Bit Axe
17:08 Gold Mining
21:11 Town Watch
22:41 Fletching
24:39 Stone Mining
25:03 Forging
29:08 Castle Age
29:51 Bodkin Arrow
30:18 Hand Cart
30:09 Heavy Plow
30:22 Bow Saw
32:17 Stone Shaft Mining
32:49 Masonry
33:08 Ballistics
38:09 Padded Archer Armor
43:25 Imperial Age
41:29 Leather Archer Armor
43:47 Fortified Wall
43:36 Murder Holes
44:10 Town Patrol
44:34 Conscription
43:42 Elite Conquistador
45:50 Architecture
46:21 Chemistry
46:32 Supremacy
46:55 Fortified Wall
47:55 Ring Archer Armor
47:26 Bracer
49:33 Hoardings
50:19 Caravan
54:36 Bombard Tower
54:56 Iron Casting
54:27 Scale Barding Armor
55:10 Sappers
57:30 Blast Furnace
56:51 Chain Barding Armor
63:12 Guilds
63:27 Bloodlines
63:17 Husbandry
64:03 Plate Barding Armor
67:28 Fervor
67:39 Sanctity
67:39 Cavalier
74:40 Paladin
75:23 Scale Mail Armor
79:57 Devotion
El Tio Ho
9:45 Feudal Age
10:25 Loom
15:05 Forging
15:00 Scale Barding Armor
22:07 Castle Age
21:28 Double-Bit Axe
21:46 Gold Mining
22:57 Husbandry
23:34 Iron Casting
25:03 Chain Barding Armor
25:37 Bow Saw
37:11 Imperial Age
35:20 Wheelbarrow
37:59 Gold Shaft Mining
37:30 Caravan
38:17 Cavalier
40:50 Blast Furnace
39:59 Light Cavalry
45:16 Murder Holes
45:42 Ballistics
46:44 Paladin
48:14 Hand Cart
50:55 Plate Barding Armor
51:03 Chivalry
56:27 Scale Mail Armor
55:50 Pikeman
56:30 Squires
56:57 Halberdier
58:21 Chain Mail Armor
58:16 Arson
梦寐一秋.
10:20 Feudal Age
14:39 Castle Age
14:59 Double-Bit Axe
17:13 Horse Collar
21:16 Heavy Plow
23:18 Bow Saw
25:57 Gold Mining
29:21 Imperial Age
28:32 Fletching
28:42 Padded Archer Armor
29:12 Crossbowman
29:56 Bodkin Arrow
30:17 Leather Archer Armor
30:20 Arbalester
31:26 Conscription
33:04 Gold Shaft Mining
33:55 Yeomen
33:56 Bracer
34:12 Leather Archer Armor
36:53 Warwolf
38:32 Ring Archer Armor
38:15 Caravan
39:49 Ballistics
40:30 Chemistry
42:02 Pikeman
42:42 Squires
42:28 Arson
44:56 Halberdier
46:19 Forging
46:09 Scale Mail Armor
48:24 Iron Casting
48:04 Chain Mail Armor
65:24 Two-Man Saw
Oddfuture
2:53 Loom
10:48 Feudal Age
13:37 Double-Bit Axe
13:51 Horse Collar
15:48 Gold Mining
18:33 Castle Age
19:55 Wheelbarrow
21:17 Bow Saw
23:04 Stone Mining
25:48 Fervor
28:11 Heavy Plow
30:09 Gold Shaft Mining
30:44 Ballistics
31:19 Murder Holes
33:19 Scale Barding Armor
33:05 Fletching
33:17 Padded Archer Armor
34:07 Bloodlines
33:57 Husbandry
34:20 Chain Barding Armor
34:12 Town Watch
39:47 Imperial Age
37:34 Hand Cart
38:14 Town Patrol
37:58 Treadmill Crane
38:27 Thumb Ring
39:54 Heavy Cavalry Archer
41:24 Elite Magyar Huszar
44:50 Recurve Bow
45:48 Parthian Tactics
48:07 Crop Rotation
48:39 Two-Man Saw
49:32 Corvinian Army
53:00 Masonry
53:52 Chemistry
Junran
11:15 Feudal Age
12:36 Loom
14:32 Double-Bit Axe
21:27 Castle Age
21:13 Horse Collar
23:13 Bow Saw
23:32 Pikeman
26:54 Heavy Plow
28:38 Stone Mining
31:07 Gold Mining
32:01 Caravan
33:49 Wheelbarrow
33:36 Scale Mail Armor
39:45 Imperial Age
38:16 Forging
39:21 Hand Cart
39:52 Halberdier
40:19 Gambesons
40:55 Elite Organ Gun
43:12 Coinage
43:32 Iron Casting
43:13 Chain Mail Armor
43:59 Conscription
44:28 Crop Rotation
46:00 Chemistry
45:22 Ballistics
46:49 Fletching
48:01 Blast Furnace
48:07 Plate Mail Armor
47:52 Town Watch
48:35 Circumnavigation
48:40 Arquebus
56:13 Padded Archer Armor
56:09 Bodkin Arrow
56:28 Siege Engineers
56:38 Fortified Wall
61:51 Bracer
62:07 Leather Archer Armor
63:18 Murder Holes
65:47 Bloodlines
65:01 Light Cavalry
65:45 Husbandry
68:18 Banking
68:42 Scale Barding Armor
71:05 Cavalier
Connection lost

Rejoining the realm…

Still unreachable

The connection could not be restored.

Session expired

The server has moved on; the page needs a fresh start.